 Dungeon Crawl Stone Soup version 0.28-a0-312-gbced6e68ee (webtiles) character file.

Game seed: 5472511878519572093

120 PentaManta the Changer (level 5, -10/37 HPs)
             Began as a Merfolk Transmuter on Aug 31, 2021.
             Mangled by a wyvern skeleton (11 damage)
             ... on level 4 of the Dungeon.
             The game lasted 00:05:50 (3931 turns).

PentaManta the Changer (Merfolk Transmuter)         Turns: 3931, Time: 00:05:51

Health: -10/37     AC:  2    Str: 10    XL:     5   Next: 4%
Magic:  5/8        EV: 20    Int: 13    God:
Gold:   128        SH:  0    Dex: 20    Spells: 4/8 levels left

rFire   . . .      SeeInvis .     - Unarmed
rCold   . . .      Faith    .   (shield currently unavailable)
rNeg    . . .      Spirit   .   (armour currently unavailable)
rPois   x          Reflect  .   (helmet currently unavailable)
rElec   .          Harm     .   (cloak currently unavailable)
rCorr   .          Rampage  .   (gloves currently unavailable)
Will    .....                   (boots currently unavailable)
Stlth   ++........              (no amulet)
HPRegen 0.12/turn               (no ring)
MPRegen 0.11/turn               (no ring)

@: spider-form (expiring)
A: venomous fangs, tiny, (nimble swimmer 2), (mertail)
a: End Transformation


You were on level 4 of the Dungeon.
You were a venomous arachnid creature.
You visited 1 branch of the dungeon, and saw 4 of its levels.

You collected 128 gold pieces.

Inventory:

Missiles
 b - a throwing net
Armour
 a - a +0 robe (melded)
 d - a +0 ring mail
Jewellery
 g - an amulet of guardian spirit
Scrolls
 c - a scroll of enchant weapon {unknown}
 e - 2 scrolls of identify {unknown}
 f - a scroll of noise {unknown}
 h - a scroll of magic mapping {unknown}
Potions
 i - a potion of flight {unknown}
 j - a potion of might {unknown}
 k - a potion of curing {unknown}


   Skills:
 - Level 1.1 Fighting
 - Level 2.6 Dodging
 - Level 3.2 Unarmed Combat
 - Level 2.0 Spellcasting
 + Level 5.1 Transmutations
 * Level 3.3 Poison Magic


You had 4 spell levels left.
You knew the following spells:

 Your Spells              Type           Power      Damage    Failure   Level
a - Beastly Appendage     Tmut           28%        N/A       11%         1
b - Spider Form           Tmut/Pois      6%         N/A       32%         3

Your spell library contained the following spells:

 Spells                   Type           Power      Damage    Failure   Level
 Wereblood                Tmut           14%        N/A       14%         2
 Animate Skeleton         Necr           2%         N/A       47%         1
 Apportation              Tloc           2%         N/A       47%         1
 Corona                   Hex            1%         N/A       47%         1
 Summon Small Mammal      Summ           4%         N/A       47%         1
 Ice Form                 Ice/Tmut       7%         N/A       83%         4
 Summon Forest            Summ/Tloc      0%         N/A       100%        5
 Eringya's Noxious Bog    Tmut/Pois      6%         N/A       100%        6
 Summon Hydra             Summ           0%         N/A       100%        7


Dungeon Overview and Level Annotations

Branches:
Dungeon (4/15)
 Temple: D:4-7

Altars:
Uskayaw

Annotations:
D:3 1 exclusion


Innate Abilities, Weirdness & Mutations

You are a venomous arachnid creature.
You have poisonous fangs.
You are tiny and dextrous.
Your spellcasting is less reliable in this form.
Your armour is entirely melded.
You are incapable of wielding weapons or throwing items.
((You are quick and stealthy near water. (Stealth+, EV+, Speed+++)))
((Your lower body shifts to a powerful aquatic tail in water.))


Message History

You are too injured to fight recklessly!
You are too injured to fight recklessly!
The wyvern skeleton bites you.
* * * LOW HITPOINT WARNING * * *
Press: ? - help, v - describe, . - travel
Here: a wyvern skeleton (lightly damaged)
The floor.
Casting: Beastly Appendage (safe; 3% risk of failure)
Confirm with . or Enter, or press ? or * to list all spells.
The spell is quite dangerous to cast (14% risk of failure)!
Continue anyway? [Y]es or [N]o only, please.
The spell is quite dangerous to cast (14% risk of failure)!
Continue anyway?
Your horns disappear.
You turn into a venomous arachnid creature.
Your +0 robe melds into your body.
The wyvern skeleton bites you!
* * * LOW HITPOINT WARNING * * *
The wyvern skeleton misses you. The wyvern skeleton barely misses you.
You hit the wyvern skeleton.
The wyvern skeleton is moderately damaged.
The wyvern skeleton closely misses you.
The wyvern skeleton completely misses you.
You hit the wyvern skeleton but do no damage.
The wyvern skeleton is moderately damaged.
The wyvern skeleton misses you.
You hit the wyvern skeleton.
The wyvern skeleton is heavily damaged.
The wyvern skeleton bites you.
* * * LOW HITPOINT WARNING * * *
You hit the wyvern skeleton.
The wyvern skeleton is severely damaged.
Your transformation is almost over.
The wyvern skeleton barely misses you.
You completely miss the wyvern skeleton.
The wyvern skeleton is severely damaged.
The wyvern skeleton barely misses you.
You hit the wyvern skeleton.
The wyvern skeleton is severely damaged.
The wyvern skeleton bites you!
You die...

## .. .# .#
#########.#
#.sZ......#
##.########
#.# #.# #.#
#.# #.#####
#.....#
#######.#


You could see a wyvern skeleton.

Vanquished Creatures
  An orc priest (D:3)
  3 adders
  A worm (D:3)
  2 dart slugs
  3 orcs (D:3)
  3 ball pythons
  6 endoplasms
  2 giant cockroaches (D:2)
  3 goblins (D:2)
  3 hobgoblins
  3 jackals (D:2)
  5 kobolds
  2 quokkas (D:2)
  7 bats (D:1)
  2 frilled lizards (D:3)
  6 rats
52 creatures vanquished.

Notes
Turn   | Place    | Note
-------+----------+-------------------------------------------
     0 | D:1      | PentaManta the Merfolk Transmuter began the quest for the
                  | Orb.
     0 | D:1      | Reached XP level 1. HP: 15/15 MP: 3/3
   228 | D:1      | Reached skill level 3 in Transmutations
   450 | D:1      | Reached XP level 2. HP: 17/21 MP: 3/5
   675 | D:1      | Reached skill level 4 in Transmutations
  1176 | D:2      | Reached XP level 3. HP: 26/26 MP: 4/6
  1204 | D:2      | Learned a level 3 spell: Spider Form
  1399 | D:2      | Reached skill level 1 in Poison Magic
  1576 | D:2      | Found a faded altar of an unknown god.
  1798 | D:2      | Found a hide-covered altar of Uskayaw.
  2495 | D:2      | Reached XP level 4. HP: 30/32 MP: 5/7
  3711 | D:3      | Reached skill level 5 in Transmutations
  3711 | D:3      | Reached XP level 5. HP: 36/37 MP: 6/8
  3928 | D:4      | HP: 1/37 [wyvern skeleton (2)]
  3931 | D:4      | Mangled by a wyvern skeleton

Illustrated notes

Levels and vault maps discovered:
D:1:      amcnicky_arrival_choice, layout_rooms
D:2:      layout_loops_ring, basic_altar, shapermc_ecumenical_altar_venn,
          skrybe_limestone_x, hangedman_decor_peaks_small
D:3:      layout_loops_ring, minmay_stone_trees_medium,
          kennysheep_big_empty_room, minmay_crystal_water
D:4:      layout_basic, uniq_duvessa

Skill      XL: |  1  2  3  4 |
---------------+-------------+-----
Transmutations | 3 4 5 |  5.1
Poison Magic   | 2 3 |  3.3
Fighting       | |  1.1
Dodging        | |  2.6
Unarmed Combat | |  3.2
Spellcasting   | |  2.0

Action                   |  1- 3 |  4- 6 || total
-------------------------+-------+-------++-------
Melee: Unarmed           |   149 |    70 ||   219
       Headbutt          |    13 |    12 ||    25
       Punch             |       |     1 ||     1
 Cast: Beastly Appendage |    33 |    20 ||    53
       Spider Form       |       |     1 ||     1
  Use: Potion            |     2 |       ||     2
 Stab: Sleeping          |       |     1 ||     1
Armor: Robe              |    45 |     6 ||    51
Dodge: Dodged            |    96 |    43 ||   139

Table legend: (Time is in decaauts)
 A = Elapsed time spent in this place.
 B = Non-inter-level travel time spent in this place.
 C = Inter-level travel time spent in this place.
 D = Time resting spent in this place.
 E = Time spent auto-exploring this place.
 F = Levels seen in this place.
 G = Mean time per level.
                   A        B        C        D        E       F      G
               +--------+--------+--------+--------+--------+-----+--------+
         Total |   3918 |   3839 |     79 |   1054 |   2236 |   4 |  979.5 |
       Dungeon |   3918 |   3839 |     79 |   1054 |   2236 |   4 |  979.5 |
               +--------+--------+--------+--------+--------+-----+--------+

Top non-repeatable levels by time:
     D:2: 1723 daAuts
     D:1: 1146 daAuts
     D:3: 985 daAuts
     D:4: 62 daAuts
